Map: Zen LE

Players

Nigrnog

  • Race: Zerg Zerg
  • League: Silver
  • Spawn Location: 7:00

MooEsqoo - Winner!

  • Race: Zerg Zerg
  • Spawn Location: 1:00

VOD

Have the link to the VOD?

Description

Time

  • Played on: Dec. 21, 2019, 12:47 p.m.
  • Length: 8:59
Show
View Real Time Build Order
Export as new Build Order

Nigrnog Zerg 

Build Orders: Hatch First 

Get SALT Encoding   

  12  0:00  Drone  
  13  0:08  Drone  
  14  0:16  Overlord  
  14  0:35  Drone x3  
  17  0:46  Extractor  
  16  0:58  Hatchery, Drone  
  16  1:01  Drone  
  17  1:09  Drone  
  18  1:19  Drone  
  19  1:32  Spawning Pool  
  18  1:47  Drone  
  18  1:52  Drone  
  18  1:54  Hatchery  
  19  1:59  Overlord  
  19  2:02  Drone  
  20  2:12  Drone  
  21  2:20  Overlord  
  21  2:23  Queen  
  23  2:31  Zergling x2  
  23  2:35  Queen  
  26  2:45  Zergling x4  
  28  2:54  Zergling x4  
  28  2:55  Zergling x2  
  31  3:01  Metabolic Boost  
  31  3:05  Extractor  
  30  3:08  Evolution Chamber  
  30  3:10  Evolution Chamber  
  28  3:13  Drone x2  
  28  3:18  Drone  
  31  3:28  Roach Warren  
  31  3:33  Zergling x2  
  31  3:38  Zergling x4  
  33  3:44  Zergling x4  
  35  3:53  Zerg Melee Weapons Level 1  
  35  3:57  Zergling x2  
  35  3:58  Zergling x2  
  37  4:18  Drone x2  
  37  4:22  Queen  
  41  4:25  Drone x2  
  41  4:26  Drone  
  41  4:30  Drone  
  45  4:37  Overlord  
  45  4:42  Drone x2  
  48  4:45  Drone  
  48  4:52  Drone x2  
  50  4:58  Zergling x6  
  53  5:05  Zerg Ground Armor Level 1  
  53  5:11  Zergling x6  
  54  5:41  Extractor  
  53  5:44  Extractor  
  53  5:46  Overlord x3  
  53  5:47  Overlord x3  
  52  5:53  Drone x4  
  52  5:54  Drone x2  
  58  6:02  Extractor  
  58  6:03  Extractor  
  56  6:10  Drone x6  
  62  6:24  Hatchery  
  61  6:26  Lair  
  61  6:37  Drone x6  
  67  6:42  Drone x2  
  69  7:01  Roach x6  
  81  7:03  Zerg Missile Weapons Level 1  
  81  7:09  Drone x4  
  85  7:17  Zergling x2  
  85  7:18  Zergling x8  
  90  7:31  Drone x4  
  90  7:32  Drone x3  
  97  7:42  Zergling x2  
  98  7:47  Infestation Pit  
  97  7:55  Drone x2  
  99  8:09  Roach x6  
  111  8:18  Hatchery  
  110  8:27  Roach  
  110  8:28  Overlord x2  
  110  8:29  Overlord x4  
Show
View Real Time Build Order
Export as new Build Order

MooEsqoo Zerg - Winner!

Build Orders: Hatch First 

Get SALT Encoding   

  12  0:04  Drone  
  13  0:13  Overlord  
  13  0:17  Drone  
  14  0:33  Drone x2  
  16  0:37  Drone  
  17  0:53  Drone  
  18  0:58  Hatchery  
  18  1:01  Drone  
  18  1:07  Extractor  
  18  1:10  Drone  
  18  1:20  Drone  
  19  1:32  Overlord  
  19  1:43  Drone  
  20  1:52  Spawning Pool  
  20  1:53  Drone  
  20  2:11  Drone  
  21  2:18  Drone x2  
  23  2:29  Drone  
  24  2:30  Overlord  
  24  2:39  Zergling x4  
  24  2:41  Metabolic Boost  
  24  2:42  Queen x2  
  30  2:51  Zergling x2  
  30  2:52  Zergling x2  
  30  2:58  Zergling x4  
  34  3:08  Zergling x2, Drone  
  36  3:27  Zergling x2  
  36  3:28  Zergling x2, Drone  
  39  3:39  Zergling x2, Drone  
  41  3:53  Hatchery  
  40  3:56  Drone x4  
  40  3:58  Overlord x3  
  44  4:16  Zergling x6  
  47  4:18  Zergling x2, Drone  
  49  4:31  Baneling Nest  
  48  4:32  Roach Warren  
  47  4:39  Zergling x8, Evolution Chamber  
  47  4:40  Drone x2  
  47  4:41  Evolution Chamber  
  47  4:43  Queen  
  53  5:02  Drone x2  
  53  5:03  Drone x2  
  57  5:14  Baneling  
  57  5:15  Baneling x7  
  57  5:16  Baneling x3  
  57  5:18  Lair  
  57  5:44  Roach x5  
  57  5:45  Drone x7  
  74  5:58  Extractor  
  74  5:59  Extractor  
  72  6:04  Zergling x4  
  72  6:08  Extractor  
  72  6:09  Overlord x4  
  73  6:20  Overlord x2  
  73  6:36  Zerg Missile Weapons Level 1  
  73  6:42  Glial Reconstitution  
  73  6:45  Roach x2, Zergling x2  
  73  6:46  Zergling x8, Drone x2  
  84  7:05  Roach x2, Drone x3  
  91  7:25  Roach x2  
  91  7:26  Roach x4  
  91  7:27  Drone x2  
  91  7:28  Drone x3, Overlord x2  
  108  7:33  Ravager  
  108  7:35  Ravager x3  
  112  7:43  Zergling x2  
  112  7:44  Zergling x8  
  117  7:52  Drone x2  
  119  8:08  Roach x2, Drone x2  
  125  8:23  Roach x5  
  125  8:24  Zergling x6  
  125  8:25  Overlord x2  
  125  8:26  Overlord x2  
Tags
 
League
Silver
Matchup
ZvZ
Race
Zerg
Spawn Locations
Cross Positions
Add a new tag
Caveats
  • Supply blocks, unpowered buildings, or Contaminate may cause inaccurate times.
  • Supply counts are checked every 10 seconds.